 Dungeon Crawl Stone Soup version 0.28-a0-1493-g08698888e4 (webtiles) character file.

Game seed: 6601068775875408860

102382 oldriver the Nimble (level 16, -23/127 HPs)
             Began as a Gnoll Gladiator on Jan 11, 2022.
             Was an Initiate of Gozag.
             Killed from afar by Frances (36 damage)
             ... with an iron shot
             ... on level 12 of the Dungeon on Jan 13, 2022.
             The game lasted 01:26:28 (43802 turns).

oldriver the Nimble (Gnoll Gladiator)              Turns: 43802, Time: 01:26:29

Health: -23/127    AC: 39    Str: 20    XL:     16   Next: 33%
Magic:  30/30      EV: 11    Int: 12    God:    Gozag
Gold:   3413       SH:  9    Dex: 14    Spells: 28/36 levels left

rFire   + + .      SeeInvis +   v - +10 long sword of the Valley of Death {vorpal, rF+ rN+ Int+3 Dex-4}
rCold   + . .      Faith    .   u - +2 buckler {AC+3}
rNeg    + . .      Spirit   .   o - +10 plate armour "Takas" {Dex+4}
rPois   +          Reflect  .   Y - +1 helmet {SInv}
rElec   .          Harm     .   y - scarf {rC+ rF+}
rCorr   .          Rampage  .   X - +2 pair of gloves
Will    +....                   E - +0 pair of boots
Stlth   ..........              S - amulet "Qalost" {RegenMP rPois}
HPRegen 0.31/turn               e - +4 ring of protection
MPRegen 0.62/turn               T - ring of wizardry

@: no status effects
A: fangs 1, strong nose, distributed training, subdued magic 1
a: Renounce Religion, Potion Petition, Call Merchant, Bribe Branch


You were on level 12 of the Dungeon.
You worshipped Gozag.
Gozag was most pleased with you.
You visited 5 branches of the dungeon, and saw 24 of its levels.
You also visited: Ice Cave.

You collected 7906 gold pieces.
You spent 3273 gold pieces at shops.
You paid 1220 gold pieces to Gozag.

Inventory:

Hand Weapons
 v - the +10 long sword of the Valley of Death (weapon) {vorpal, rF+ rN+ Int+3 Dex-4}
   (You bought it in a shop on level 2 of the Orcish Mines)

   It inflicts extra damage upon your enemies.
   Int:       It affects your intelligence (+3).
   Dex:       It affects your dexterity (-4).
   rF:        It protects you from fire.
   rN:        It protects you from negative energy.
 z - a +5 spear of freezing
Missiles
 d - 4 throwing nets
 f - 36 poisoned darts
Armour
 o - the +10 plate armour "Takas" (worn) {Dex+4}
   (You bought it in a shop on level 4 of the Lair of Beasts)

   Dex:       It affects your dexterity (+4).
 u - a +2 buckler of protection (worn)
 y - a scarf of resistance (worn)
 E - a +0 pair of boots (worn)
 X - a +2 pair of gloves (worn)
 Y - a +1 helmet of see invisible (worn)
Jewellery
 a - a ring of protection from cold
 e - a +4 ring of protection (left hand)
 r - a ring of resist corrosion
 P - an amulet of guardian spirit
 S - the amulet "Qalost" (around neck) {RegenMP rPois}
   (You found it on level 6 of the Lair of Beasts)

   [amulet of magic regeneration]

   It increases your rate of magic regeneration.
   rPois:     It protects you from poison.
 T - a ring of wizardry (right hand)
 V - a ring of flight
 W - the ring of Tiresife {Dex+6 Stlth+}
   (You found it in an ice cave)

   [ring of dexterity]

   Dex:       It affects your dexterity (+6).
   Stlth:     It makes you more stealthy.
Wands
 i - a wand of acid (10)
 q - a wand of mindburst (2)
 B - a wand of paralysis (15)
 I - a wand of iceblast (6)
 J - a wand of flame (20)
 M - a wand of charming (5)
Scrolls
 j - 5 scrolls of amnesia
 k - 4 scrolls of immolation
 t - a scroll of silence
 w - a scroll of fog
 F - 3 scrolls of acquirement {unknown}
 L - 4 scrolls of teleportation
 O - a scroll of fear
 R - 9 scrolls of identify
 U - 2 scrolls of magic mapping
Potions
 b - 2 potions of berserk rage {unknown}
 c - a potion of flight
 g - 3 potions of curing
 h - 2 potions of brilliance
 l - 3 potions of degeneration
 m - 2 potions of haste
 n - 4 potions of lignification {unknown}
 s - 2 potions of magic
 x - 2 potions of heal wounds
 A - 2 potions of mutation
 C - 6 potions of resistance
 G - 5 potions of attraction
 H - 2 potions of cancellation
 K - 2 potions of invisibility {unknown}
 N - a potion of might
 Q - 2 potions of ambrosia {unknown}
Miscellaneous
 p - a tin of tremorstones (2/2)
 D - a lightning rod (4/4)


   Skills:
 + Level 11.7 Fighting
 + Level 10.8 Short Blades
 + Level 10.8 Long Blades
 + Level 10.8 Axes
 + Level 10.8 Maces & Flails
 + Level 12.5 Polearms
 + Level 10.8 Staves
 + Level 10.8 Slings
 + Level 10.8 Bows
 + Level 10.8 Crossbows
 + Level 11.7 Throwing
 + Level 10.8 Armour
 + Level 12.5 Dodging
 + Level 10.8 Stealth
 + Level 10.8 Shields
 + Level 10.8 Unarmed Combat
 + Level 10.8 Spellcasting
 + Level 9.1 Conjurations
 + Level 9.1 Hexes
 + Level 9.1 Summonings
 + Level 9.1 Necromancy
 + Level 9.1 Translocations
 + Level 9.1 Transmutations
 + Level 9.1 Fire Magic
 + Level 9.1 Ice Magic
 + Level 9.1 Air Magic
 + Level 9.1 Earth Magic
 + Level 9.1 Poison Magic
 + Level 11.7 Invocations
 + Level 10.8 Evocations


You had 28 spell levels left.
You knew the following spells:

 Your Spells              Type           Power      Damage    Failure   Level
a - Slow                  Hex            84%        N/A       1%          1
b - Foxfire               Conj/Fire      84%        2x1d8     1%          1
c - Stone Arrow           Conj/Erth      42%        3d9       5%          3
d - Conjure Flame         Conj/Fire      21%        6-21      5%          3

Your spell library contained the following spells:

 Spells                   Type           Power      Damage    Failure   Level
 Animate Skeleton         Necr           42%        N/A       1%          1
 Apportation              Tloc           42%        N/A       1%          1
 Pain                     Necr           84%        1d8       1%          1
 Sting                    Tmut/Pois      84%        1d7       1%          1
 Summon Small Mammal      Summ           84%        N/A       1%          1
 Confusing Touch          Hex            21%        N/A       5%          3
 Dazzling Flash           Conj/Hex       42%        N/A       5%          3
 Inner Flame              Hex/Fire       21%        N/A       5%          3
 Tukima's Dance           Hex            21%        N/A       5%          3
 Vampiric Draining        Necr           21%        2d7       5%          3
 Anguish                  Hex/Necr       10%        N/A       17%         4
 Animate Armour           Summ/Erth      42%        N/A       17%         4
 Flame Wave               Conj/Fire      21%        2d6       17%         4
 Iskenderun's Mystic Bla  Conj/Tloc      21%        2d6       17%         4
 Passage of Golubria      Tloc           21%        N/A       17%         4
 Silence                  Hex/Air        10%        N/A       43%         5
 Starburst                Conj/Fire      10%        6d5       94%         6
 Enfeeble                 Hex            10%        N/A       100%        7
 Storm Form               Tmut/Air       10%        N/A       100%        7
 Lehudib's Crystal Spear  Conj/Erth      10%        10d4      100%        8
 Shatter                  Erth           10%        3d12*     100%        9


Dungeon Overview and Level Annotations

Branches:
Dungeon (14/15)            Temple (1/1) D:6            Lair (6/6) D:8
  Swamp (1/4) Lair:4       Spider (0/4) Lair:3        Slime (0/5) Lair:5
    Orc (2/2) D:9             Elf (0/3) Orc:2        Vaults (0/5) D:14
  IceCv (visited)

Altars:
Ashenzari
Cheibriados
Dithmenos
Elyvilon
Fedhas
Gozag
Hepliaklqana
Kikubaaqudgha
Makhleb
Nemelex Xobeh
Okawaru
Qazlal
Ru
Sif Muna
Trog
Uskayaw
Vehumet
Wu Jian
Xom
Yredelemnul
Zin
The Shining One
Beogh

Shops:
D:3 ?   D:6 ?*   D:9 :   D:11 (   D:14 =   Orc:2 !([(   Lair:4 [

Annotations:
D:9 3 runed translucent doors
D:12 Frances
D:13 3 runed translucent doors, Jiziv's ghost, journeyman DjCj
Lair:4 2 transporters, Dutwide's ghost, journeyman MfGl


Innate Abilities, Weirdness & Mutations

You have very sharp teeth.
Your uncanny sense of smell can sniff out nearby items.
Your experience applies equally to all skills.
Your spells are a little easier to cast, but a little less powerful.


Message History

You block Frances's attack. The chaos spawn barely misses you.
The sun demon closely misses you.
Frances mutters in a terrible tongue.
The shard of ice hits you! You partially resist.
You hit Frances.
Frances is severely wounded.
The chaos spawn hits you. The chaos spawn freezes you! You resist.
Frances hits you with a +0 short sword! The sun demon hits you.
* * * LOW HITPOINT WARNING * * *
You are engulfed in flames.
You resist.
* * * LOW HITPOINT WARNING * * *
You hit Frances but do no damage.
Frances is severely wounded.
You block Frances's attack. The sun demon barely misses you.
The chaos spawn gores you but does no damage.
Frances screams a word of power!
The iron shot hits you.
* * * LOW HITPOINT WARNING * * *
You feel much better.
The sun demon hits you but does no damage.
You block Frances's attack. The chaos spawn gores you.
The chaos spawn freezes you! You resist.
* * * LOW HITPOINT WARNING * * *
The sun demon hits you but does no damage.
Okay, then.
You slash Frances!
Frances is almost dead.
Frances misses you.
The chaos spawn hits you but does no damage.
Frances hits you with a +0 short sword!
* * * LOW HITPOINT WARNING * * *
The sun demon barely misses you.
You hit Frances.
Frances is almost dead.
The chaos spawn gores you!
* * * LOW HITPOINT WARNING * * *
Frances chants phrases taken from a devil's mouth.
The iron shot hits you!!!
You die...
Your body crumbles into a pile of gold.

*#######################*********
,#...#...#..#...........,,,,,,*,,
,#...#...'..'....@......,,,,,,*,,
,#...#...#..#...@4......,,,,,,+,,
*#...#...#####..#3......,,,,,,*,,
,+...#...#...#..#.......,,,,,,***
,#..>....'...#..#.......,,,,,,*,,
*#.......#...#..#.......,,,,,,*,,
,#####...#...####.......,,,,,,*,,
,#...#...#......#.......,,,,,,*,,
,#...#...#......#.......,,,,,,*,,
##...#########..####**#####+***,,


You could see Frances (fast, resistant), a sun demon (summoned) and a chaos
spawn (summoned).

Vanquished Creatures
  Saint Roka (Orc:1)
  Jorgrun (Lair:4)
  A white draconian (IceCv)
  Snorg (Lair:5)
  Josephine (D:12)
  Erolcha (D:12)
  13 hydras
  4 catoblepae
  2 boulder beetles
  An ogre mage (D:14)
  3 alligators (Swamp:1)
  5 centaur warriors
  Erica (D:8)
  11 two-headed ogres
  A deep troll shaman (Lair:6)
  8 death yaks
  2 tengu warriors (D:13)
  An orc high priest (Orc:1)
  A deep elf knight (D:14)
  3 spriggans (Swamp:1)
  5 skeletal warriors (D:14)
  A goliath frog (Lair:4)
  2 bog bodies (Lair:4)
  A spriggan druid (Swamp:1)
  3 lindwurms
  2 orc sorcerers (Orc:1)
  6 deep elf pyromancers
  2 orc knights
  2 manticores (D:14)
  7 ugly things
  4 cyclopes
  A will-o-the-wisp (Swamp:1)
  Maurice (D:13)
  2 elephants (Lair:6)
  6 black mambas
  5 rime drakes
  4 centaur skeletons (D:14)
  Psyche (D:8)
  14 komodo dragons
  19 cane toads
  A meliai (D:12)
  4 trolls
  4 tyrant leeches (Swamp:1)
  3 polar bears
  A wolf spider simulacrum (D:12)
  21 blink frogs
  4 hornets
  Sigmund (D:2)
  A jumping spider (Lair:3)
  3 vampires
  5 wyverns
  2 shadows
  6 wraiths
  2 basilisks
  44 yaks
  A steam dragon (D:9)
  A redback (Lair:3)
  4 wargs
  Edmund (D:5)
  6 swamp worms (Swamp:1)
  4 acid dragons
  25 water moccasins
  28 orc warriors
  A hornet zombie (D:9)
  2 swamp drakes
  An ice beast (D:5)
  7 black bears
  3 sky beasts
  9 ogres
  20 wolves
  3 centaurs
  2 phantoms
  5 kobold brigands
  21 bullfrogs
  3 gnoll sergeants
  2 scorpions
  A wyvern skeleton (D:6)
  10 killer bees
  13 wights
  3 lindwurm simulacra (IceCv)
  6 howler monkeys
  3 electric eels
  A bullfrog zombie (D:7)
  7 centaur zombies
  6 komodo dragon simulacra (IceCv)
  6 jellies
  22 orc priests
  4 hounds
  A gnoll shaman (D:7)
  Natasha (thrice) (D:2)
  2 bullfrog skeletons
  25 orc wizards
  An iguana (D:4)
  6 hell rats (Lair:4)
  A centaur simulacrum (D:9)
  Robin (D:4)
  A howler monkey skeleton (D:5)
  4 howler monkey zombies
  23 gnolls
  8 acid dragon simulacra (IceCv)
  21 adders
  A white imp (D:7)
  4 steam dragon simulacra (IceCv)
  An ufetubus (D:7)
  4 worms
  A dart slug (D:2)
  60 orcs
  6 ball pythons
  6 endoplasms
  2 giant cockroaches
  4 hobgoblins (D:4)
  4 jackals (D:1)
  3 quokkas
  5 bats
  2 frilled lizards
  18 goblins
  25 kobolds
  2 rats (D:1)
728 creatures vanquished.

Vanquished Creatures (others)
  An orc knight (D:13)
  A deep elf pyromancer (D:13)
  A rime drake (IceCv)
  A vampire mosquito (D:13)
  An adder (Lair:1)
  14 foxfires
  26 fungi
  109 plants
154 creatures vanquished.

Grand Total: 882 creatures vanquished

Notes
Turn   | Place    | Note
-------+----------+-------------------------------------------
     0 | D:1      | oldriver the Gnoll Gladiator began the quest for the Orb.
     0 | D:1      | Reached XP level 1. HP: 20/20 MP: 1/1
   271 | D:1      | Reached XP level 2. HP: 26/26 MP: 2/2
   732 | D:1      | Reached XP level 3. HP: 28/31 MP: 3/3
   980 | D:2      | Noticed Natasha
   993 | D:2      | Killed Natasha
   994 | D:2      | Reached skill level 1 in Short Blades
   994 | D:2      | Reached skill level 1 in Long Blades
   994 | D:2      | Reached skill level 1 in Axes
   994 | D:2      | Reached skill level 1 in Maces & Flails
   994 | D:2      | Reached skill level 1 in Staves
   994 | D:2      | Reached skill level 1 in Slings
   994 | D:2      | Reached skill level 1 in Bows
   994 | D:2      | Reached skill level 1 in Crossbows
   994 | D:2      | Reached skill level 1 in Armour
   994 | D:2      | Reached skill level 1 in Stealth
   994 | D:2      | Reached skill level 1 in Shields
   994 | D:2      | Reached skill level 1 in Unarmed Combat
   994 | D:2      | Reached skill level 1 in Spellcasting
   994 | D:2      | Reached skill level 1 in Invocations
   994 | D:2      | Reached skill level 1 in Evocations
   996 | D:2      | Noticed Sigmund
  1037 | D:1      | Reached XP level 4. HP: 19/38 MP: 5/5
  1372 | D:2      | Noticed Natasha
  1393 | D:2      | Killed Natasha
  1481 | D:2      | Killed Sigmund
  1482 | D:2      | Reached skill level 1 in Conjurations
  1482 | D:2      | Reached skill level 1 in Hexes
  1482 | D:2      | Reached skill level 1 in Summonings
  1482 | D:2      | Reached skill level 1 in Necromancy
  1482 | D:2      | Reached skill level 1 in Translocations
  1482 | D:2      | Reached skill level 1 in Transmutations
  1482 | D:2      | Reached skill level 1 in Fire Magic
  1482 | D:2      | Reached skill level 1 in Ice Magic
  1482 | D:2      | Reached skill level 1 in Air Magic
  1482 | D:2      | Reached skill level 1 in Earth Magic
  1482 | D:2      | Reached skill level 1 in Poison Magic
  1482 | D:2      | Reached XP level 5. HP: 30/43 MP: 5/7
  1482 | D:2      | Reached XP level 6. HP: 35/50 MP: 5/8
  1500 | D:2      | Noticed Natasha
  1511 | D:2      | Killed Natasha
  2228 | D:2      | Found a faded altar of an unknown god.
  2489 | D:3      | Reached skill level 5 in Fighting
  2489 | D:3      | Reached skill level 5 in Throwing
  2826 | D:3      | Found Hurchia's Magic Scroll Boutique.
  2913 | D:3      | Found a shimmering altar of Xom.
  2914 | D:3      | Found a snail-covered altar of Cheibriados.
  2914 | D:3      | Found a bloodstained altar of Trog.
  3392 | D:4      | Learned a level 1 spell: Slow
  3401 | D:4      | Noticed Robin
  3403 | D:4      | Reached XP level 7. HP: 50/56 MP: 10/10
  3457 | D:4      | Killed Robin
  3985 | D:5      | Entered Level 5 of the Dungeon
  4189 | D:5      | Noticed Edmund
  4222 | D:5      | Killed Edmund
  4223 | D:5      | Reached XP level 8. HP: 22/63 MP: 12/12
  4941 | D:5      | Found a sparkling altar of Nemelex Xobeh.
  5322 | D:6      | Found Xociucou's Assorted Antiques.
  5361 | D:6      | Reached XP level 9. HP: 62/69 MP: 14/14
  5470 | D:6      | Found a staircase to the Ecumenical Temple.
  5716 | D:6      | Found Olischy's Magic Scroll Emporium.
  7014 | D:8      | Noticed Psyche
  7064 | Temple   | Entered the Ecumenical Temple
  7126 | Temple   | Became a worshipper of Gozag Ym Sagoz the Greedy
  7206 | D:8      | Killed Psyche
  7207 | D:8      | Reached skill level 5 in Invocations
  7283 | D:8      | Noticed Erica
  8019 | D:8      | Killed Erica
  8020 | D:8      | Reached skill level 5 in Short Blades
  8020 | D:8      | Reached skill level 5 in Long Blades
  8020 | D:8      | Reached skill level 5 in Axes
  8020 | D:8      | Reached skill level 5 in Maces & Flails
  8020 | D:8      | Reached skill level 5 in Staves
  8020 | D:8      | Reached skill level 5 in Slings
  8020 | D:8      | Reached skill level 5 in Bows
  8020 | D:8      | Reached skill level 5 in Crossbows
  8020 | D:8      | Reached skill level 5 in Armour
  8020 | D:8      | Reached skill level 5 in Stealth
  8020 | D:8      | Reached skill level 5 in Shields
  8020 | D:8      | Reached skill level 5 in Unarmed Combat
  8020 | D:8      | Reached skill level 5 in Spellcasting
  8020 | D:8      | Reached skill level 5 in Evocations
  8020 | D:8      | Reached XP level 10. HP: 62/77 MP: 17/17
  8214 | D:8      | Found a staircase to the Lair.
  8547 | D:8      | Noticed a two-headed ogre
  8666 | Lair:1   | Entered Level 1 of the Lair of Beasts
  8683 | Lair:1   | Noticed a cane toad
  8759 | D:8      | Killed a cane toad
  9618 | D:9      | Found a staircase to the Orcish Mines.
  9627 | D:9      | Found a white marble altar of Elyvilon.
  9773 | D:9      | Found Moheta's Book Shoppe.
  9813 | D:9      | Learned a level 1 spell: Foxfire
 10129 | D:9      | Found a basalt altar of Yredelemnul.
 10290 | D:9      | Noticed a boulder beetle
 10291 | D:9      | Noticed a two-headed ogre
 10312 | D:9      | Noticed a two-headed ogre
 10313 | D:9      | Reached XP level 11. HP: 46/84 MP: 19/19
 10327 | D:9      | Noticed a two-headed ogre
 10330 | D:9      | Noticed a centaur warrior
 10341 | D:9      | Killed a two-headed ogre
 10343 | D:10     | Entered Level 10 of the Dungeon
 10636 | D:9      | Killed a two-headed ogre
 10637 | D:9      | Reached skill level 5 in Conjurations
 10637 | D:9      | Reached skill level 5 in Hexes
 10637 | D:9      | Reached skill level 5 in Summonings
 10637 | D:9      | Reached skill level 5 in Necromancy
 10637 | D:9      | Reached skill level 5 in Translocations
 10637 | D:9      | Reached skill level 5 in Transmutations
 10637 | D:9      | Reached skill level 5 in Fire Magic
 10637 | D:9      | Reached skill level 5 in Ice Magic
 10637 | D:9      | Reached skill level 5 in Air Magic
 10637 | D:9      | Reached skill level 5 in Earth Magic
 10637 | D:9      | Reached skill level 5 in Poison Magic
 10669 | D:9      | Killed a boulder beetle
 10677 | D:9      | Noticed a two-headed ogre
 10684 | D:9      | Killed a two-headed ogre
 10759 | D:9      | Killed a two-headed ogre
 11203 | D:9      | Killed a centaur warrior
 11374 | D:9      | Found a radiant altar of Vehumet.
 11563 | D:9      | Found a runed translucent gate.
 11580 | D:9      | Found a runed translucent gate.
 11580 | D:9      | Found a runed translucent gate.
 11580 | D:9      | Noticed a cyclops
 11580 | D:9      | Noticed a glowing orange brain
 11580 | D:9      | Noticed a brown ugly thing
 11580 | D:9      | Noticed a purple ugly thing
 11585 | D:9      | Noticed a two-headed ogre
 11585 | D:9      | a cyclops changed into a two-headed ogre
 11585 | D:9      | Noticed a green ugly thing
 11633 | D:9      | Noticed a white ugly thing
 11634 | D:9      | Noticed an ice dragon
 12003 | D:8      | Killed a two-headed ogre
 12612 | Lair:1   | Reached XP level 12. HP: 92/94 MP: 22/22
 13187 | Lair:1   | Noticed a four-headed hydra
 13204 | Lair:1   | Killed a four-headed hydra
 13621 | Lair:1   | Upgraded the game from 0.28-a0-1447-ga5a8893891 to
                  | 0.28-a0-1493-g08698888e4
 14385 | Lair:2   | Reached skill level 10 in Polearms
 14385 | Lair:2   | Reached skill level 10 in Dodging
 15514 | Lair:3   | Noticed a four-headed hydra
 15723 | Lair:3   | Noticed a four-headed hydra
 16067 | Lair:3   | Killed a four-headed hydra
 16068 | Lair:3   | Reached XP level 13. HP: 101/101 MP: 24/24
 16589 | Lair:3   | Found a hole to the Spider Nest.
 16589 | Lair:3   | You fall into a shaft and drop 1 floor!
 16589 | Lair:4   | Found a staircase to the Swamp.
 17696 | Lair:3   | Learned a level 3 spell: Stone Arrow
 18621 | Lair:4   | Identified the +1 plate armour of Disguise {+Inv rPois}
 18821 | Lair:4   | Found an ornate altar of the Wu Jian Council.
 19016 | Lair:4   | Found a transporter.
 19019 | Lair:4   | Noticed Dutwide's ghost (journeyman MfGl)
 19150 | Lair:4   | Found a transporter.
 19519 | Lair:3   | Identified the +2 scale mail "Mokanliohu" {rC+ rN+ rCorr
                  | Str+3}
 19603 | Lair:5   | Noticed Snorg
 19624 | Lair:5   | Killed Snorg
 20126 | Lair:5   | Found a staircase to the Slime Pits.
 20996 | Lair:6   | Entered Level 6 of the Lair of Beasts
 21284 | Lair:5   | Reached skill level 10 in Fighting
 21284 | Lair:5   | Reached skill level 10 in Throwing
 21293 | Lair:5   | Reached XP level 14. HP: 93/110 MP: 20/26
 22410 | Lair:6   | Reached skill level 10 in Invocations
 24090 | Lair:6   | Identified the amulet "Qalost" {RegenMP rPois}
 24231 | Lair:4   | Bought the +10 plate armour "Takas" {Dex+4} for 1502 gold
                  | pieces
 24355 | Orc:1    | Entered Level 1 of the Orcish Mines
 25358 | Orc:2    | Entered Level 2 of the Orcish Mines
 25725 | Orc:2    | Noticed Saint Roka
 26408 | D:10     | Found a glowing silver altar of Zin.
 26553 | D:10     | Found a stormy altar of Qazlal.
 26572 | D:10     | Got the Tome of Flames and Stones
 26783 | D:10     | Identified the +1 robe of the Centipede {rN+ Int+2}
 27622 | D:12     | Noticed Erolcha
 27634 | D:12     | Killed Erolcha
 27894 | D:12     | Found a frozen archway.
 27901 | IceCv    | Entered an ice cave
 28332 | IceCv    | Reached XP level 15. HP: 110/117 MP: 28/28
 29542 | IceCv    | Identified the ring of Tiresife {Dex+6 Stlth+}
 29981 | D:12     | Noticed Josephine
 30015 | D:12     | Killed Josephine
 32515 | D:11     | Bought the +8 frozen axe "Frostbite" {freezing cloud,
                  | *Noise Fly rC+} for 847 gold pieces
 32515 | D:11     | Found the +8 frozen axe "Frostbite" {freezing cloud, *Noise
                  | Fly rC+}
 33025 | D:11     | Reached skill level 10 in Short Blades
 33025 | D:11     | Reached skill level 10 in Long Blades
 33025 | D:11     | Reached skill level 10 in Axes
 33025 | D:11     | Reached skill level 10 in Maces & Flails
 33025 | D:11     | Reached skill level 10 in Staves
 33025 | D:11     | Reached skill level 10 in Slings
 33025 | D:11     | Reached skill level 10 in Bows
 33025 | D:11     | Reached skill level 10 in Crossbows
 33025 | D:11     | Reached skill level 10 in Armour
 33025 | D:11     | Reached skill level 10 in Stealth
 33025 | D:11     | Reached skill level 10 in Shields
 33025 | D:11     | Reached skill level 10 in Unarmed Combat
 33025 | D:11     | Reached skill level 10 in Spellcasting
 33025 | D:11     | Reached skill level 10 in Evocations
 33747 | Swamp:1  | Entered Level 1 of the Swamp
 34788 | Swamp:1  | Noticed Jorgrun
 34948 | Lair:4   | Killed Jorgrun
 37851 | Orc:1    | Killed Saint Roka
 38223 | Orc:2    | Gained mutation: Your spells are a little easier to cast,
                  | but a little less powerful. [a neqoxec]
 38611 | Orc:2    | Found Dodifo's Distillery.
 39097 | Orc:2    | Found a staircase to the Elven Halls.
 39261 | Orc:2    | Found Zifaxtih's Antique Weapon Boutique.
 39263 | Orc:2    | Found Hosolavo's Antique Armour Shop.
 39278 | Orc:2    | Bought a shiny helmet for 195 gold pieces
 39296 | Orc:2    | Bought a fine long sword for 255 gold pieces
 39296 | Orc:2    | Identified the +10 long sword of the Valley of Death
                  | {vorpal, rF+ rN+ Int+3 Dex-4} (You bought it in a shop on
                  | level 2 of the Orcish Mines)
 39296 | Orc:2    | Bought a masterwork shortbow for 240 gold pieces
 39296 | Orc:2    | Identified the +5 shortbow of Ycwi {vorpal, rN+++ Str-5
                  | Int-4 Dex+2} (You bought it in a shop on level 2 of the
                  | Orcish Mines)
 39391 | Orc:2    | Found Umutirau's Antique Weapon Boutique.
 39481 | Orc:2    | Bought an ancient morningstar for 234 gold pieces
 39481 | Orc:2    | Identified the +6 morningstar of Circularity {vamp, rC-
                  | Str+4 Dex+3} (You bought it in a shop on level 2 of the
                  | Orcish Mines)
 39818 | D:13     | Found a runed translucent gate.
 39818 | D:13     | Found a runed translucent gate.
 39820 | D:13     | Noticed Jiziv's ghost (journeyman DjCj)
 39823 | D:13     | Noticed a sphinx
 39827 | D:13     | Found a runed translucent gate.
 39969 | D:13     | Noticed Maurice
 39978 | D:13     | Killed Maurice
 41099 | D:14     | Reached XP level 16. HP: 120/126 MP: 30/30
 41164 | D:14     | Learned a level 3 spell: Conjure Flame
 41244 | D:14     | Paralysed by an ogre mage for 3 turns
 41300 | D:14     | Found a gate to the Vaults.
 41769 | D:14     | Found Tidghutz's Jewellery Emporium.
 42074 | D:14     | Got the Volume of Shape Shifting
 43781 | D:12     | Noticed Frances
 43802 | D:12     | Killed from afar by Frances

Illustrated notes

Levels and vault maps discovered:
D:1:      enne_arrival_octagon_isle, layout_loops_ring
D:2:      layout_rooms, shapermc_ecumenical_altar_petra, minmay_hexomino_p4,
          uniq_natasha, uniq_sigmund
D:3:      cheibrodos_old_hovel, layout_basic,
          chequers_temple_overflow_statue_of_worship, serial_shops,
          shop_fountains
D:4:      layout_cave_pools, nicolae_grassy_gnolls, uniq_robin
D:5:      layout_cave_pools, nemelex_diamond_rough_becter,
          hangedman_abyss_or_decor_lesser_grid, minivault_5, glass_columns_a,
          kennysheep_crisscross, uniq_edmund
D:6:      layout_basic, minmay_temple_entry_gardened_gates, serial_shops,
          nicolae_shop_behind_doors, nicolae_stop_n_shop_1, serial_bayou_pond_d
D:7:      layout_gridville
D:8:      layout_cave_pools, lair_entry_dummy, enter_bailey_8, uniq_erica,
          uniq_psyche
D:9:      nzn_winding_woodlands_cross [nzn_winding_woodlands_5x15_twine,
          nzn_winding_woodlands_5x15_river_crossing,
          nzn_winding_woodlands_5x15_pockets,
          nzn_winding_woodlands_5x15_pathside_ponds,
          nzn_winding_woodlands_15x15_five_gardens], layout_stronghold,
          fiery_altar_vehumet, lemuel_round_altar,
          lemuel_zombie_altar_yredelemnul, orc_0_dummy,
          ploomutoo_gammafunk_ghost_potion_laboratory, serial_shops,
          nicolae_diamond_shop
D:10:     layout_loops_ring, nicolae_overflow_crystal_walls,
          mainiacjoe_overflow_paths
D:11:     layout_grid_maze
D:12:     layout_grid_maze, portal_ice_cave_rime,
          minmay_fractal_squares_gapless_7, uniq_urug, uniq_josephine,
          uniq_erolcha, uniq_frances
D:13:     layout_basic, gammafunk_ghost_split, grunt_ministairs_11, uniq_maurice
D:14:     layout_loops_corners, hangedman_vaults_entry_quadrant_bands,
          minmay_misc_feat_tiny, minmay_shop_grid_forest
Temple:   cyrus_circular_temple
Lair:1:   lemuel_reptile_caves, layout_gridlike, beast_lair_carwin_2
Lair:2:   statuecave_lemuel, layout_chaotic_city, grunt_megastairs_5,
          infiniplex_staircase_pool
Lair:3:   layout_cave_pods, spider_nest_entry_a, grunt_megastairs_3
Lair:4:   cheibrodos_lair_river_kwai, layout_gridlike,
          skrybe_swamp_entry_bodies, basic_altar, gammafunk_ghost_arena,
          lemuel_fruit_fields, grunt_megastairs_2
Lair:5:   layout_regular_city, nicolae_slime_entry_slimehenge, uniq_snorg
Lair:6:   grunt_lair_end_beastmaster, layout_hall_layers,
          eino_small_chamber_without_monster, nicolae_quartered_pool_impasse
Swamp:1:  layout_falls_marsh, serial_swamp_ruin, evilmike_swamp_ruin_house_6,
          evilmike_swamp_ruin_house_4, swamp_pool4, nicolae_swamp_drake_lake,
          uniq_jorgrun
Orc:1:    layout_caves
Orc:2:    grunt_orc_community_town_hall, layout_caves,
          grunt_orc_community_big_house_1, grunt_orc_community_big_house_1,
          grunt_orc_community_house_2, grunt_orc_community_house_3,
          grunt_orc_community_house_2, grunt_orc_community_house_1,
          grunt_orc_community_house_2

Skill      XL: |  1  2  3  4  5  6  7  8  9 10 11 12 13 14 15 16 |
---------------+-------------------------------------------------+-----
Short Blades   | 1 2 3 5 6 7 8 9 10 | 10.8
Long Blades    | 1 2 3 5 6 7 8 9 10 | 10.8
Axes           | 1 2 3 5 6 7 8 9 10 | 10.8
Maces & Flails | 1 2 3 5 6 7 8 9 10 | 10.8
Staves         | 1 2 3 5 6 7 8 9 10 | 10.8
Slings         | 1 2 3 5 6 7 8 9 10 | 10.8
Bows           | 1 2 3 5 6 7 8 9 10 | 10.8
Crossbows      | 1 2 3 5 6 7 8 9 10 | 10.8
Armour         | 1 2 3 5 6 7 8 9 10 | 10.8
Stealth        | 1 2 3 5 6 7 8 9 10 | 10.8
Shields        | 1 2 3 5 6 7 8 9 10 | 10.8
Unarmed Combat | 1 2 3 5 6 7 8 9 10 | 10.8
Spellcasting   | 1 2 3 5 6 7 8 9 10 | 10.8
Invocations    | 1 2 3 4 5 6 7 8 9 10 11 | 11.7
Evocations     | 1 2 3 5 6 7 8 9 10 | 10.8
Conjurations   | 1 2 3 4 5 6 7 8 9 |  9.1
Hexes          | 1 2 3 4 5 6 7 8 9 |  9.1
Summonings     | 1 2 3 4 5 6 7 8 9 |  9.1
Necromancy     | 1 2 3 4 5 6 7 8 9 |  9.1
Translocations | 1 2 3 4 5 6 7 8 9 |  9.1
Transmutations | 1 2 3 4 5 6 7 8 9 |  9.1
Fire Magic     | 1 2 3 4 5 6 7 8 9 |  9.1
Ice Magic      | 1 2 3 4 5 6 7 8 9 |  9.1
Air Magic      | 1 2 3 4 5 6 7 8 9 |  9.1
Earth Magic    | 1 2 3 4 5 6 7 8 9 |  9.1
Poison Magic   | 1 2 3 4 5 6 7 8 9 |  9.1
Fighting       | 5 6 7 8 9 10 11 | 11.7
Throwing       | 5 6 7 8 9 10 11 | 11.7
Polearms       | 7 8 9 10 11 12 | 12.5
Dodging        | 7 8 9 10 11 12 | 12.5

Action                   |  1- 3 |  4- 6 |  7- 9 | 10-12 | 13-15 | 16-18 || total
-------------------------+-------+-------+-------+-------+-------+-------++-------
Melee: Trident           |    83 |       |       |       |       |       ||    83
       Bite              |     5 |    18 |    35 |   118 |   358 |    36 ||   570
       Dagger            |    20 |   111 |       |       |       |       ||   131
       Halberd           |       |    21 |   291 |       |       |       ||   312
       Punch             |       |     1 |       |       |       |       ||     1
       Spear             |       |       |    15 |   936 |  2238 |       ||  3189
       Long sword        |       |       |       |       |   114 |   192 ||   306
Throw: Dart              |       |     6 |       |   153 |    28 |       ||   187
       Throwing net      |       |       |       |       |     3 |       ||     3
 Cast: Slow              |       |       |     6 |     1 |    42 |       ||    49
       Foxfire           |       |       |       |     4 |       |       ||     4
       Stone Arrow       |       |       |       |       |   401 |    31 ||   432
Invok: Call Merchant     |       |       |       |       |     2 |       ||     2
Evoke: Lightning rod     |       |       |       |     4 |     4 |       ||     8
       Wand              |       |       |       |     1 |     5 |       ||     6
       Tin of tremorston |       |       |       |       |     2 |       ||     2
  Use: Scroll            |       |     1 |    13 |     5 |    15 |       ||    34
       Potion            |       |       |     1 |     1 |     9 |     1 ||    12
 Stab: Sleeping          |     1 |     2 |     4 |     7 |     2 |       ||    16
       Distracted        |       |       |     2 |     3 |     4 |     2 ||    11
       Petrified         |       |       |       |       |     5 |       ||     5
Armor: Leather armour    |    27 |    40 |    28 |       |       |       ||    95
       Ring mail         |       |       |    88 |   314 |   182 |       ||   584
       Plate armour      |       |       |       |       |   677 |   118 ||   795
Dodge: Dodged            |    78 |   120 |   180 |   417 |   681 |    48 ||  1524
Block: Buckler           |       |       |     1 |   155 |   500 |    46 ||   702

Table legend: (Time is in decaauts)
 A = Elapsed time spent in this place.
 B = Non-inter-level travel time spent in this place.
 C = Inter-level travel time spent in this place.
 D = Time resting spent in this place.
 E = Time spent auto-exploring this place.
 F = Levels seen in this place.
 G = Mean time per level.
                   A        B        C        D        E       F      G
               +--------+--------+--------+--------+--------+-----+--------+
         Total |  42658 |  39959 |   2699 |  13305 |  17624 |  25 | 1706.3 |
       Dungeon |  21094 |  19335 |   1759 |   4899 |  10399 |  14 | 1506.7 |
        Temple |     79 |     50 |     29 |      0 |     35 |   1 |   79.0 |
          Lair |  12446 |  11706 |    740 |   3297 |   5641 |   6 | 2074.3 |
         Swamp |   2283 |   2282 |      1 |   1404 |    512 |   1 | 2283.0 |
  Orcish Mines |   4928 |   4760 |    168 |   2489 |    912 |   2 | 2464.0 |
      Ice Cave |   1825 |   1825 |      0 |   1216 |    125 |   1 | 1825.0 |
               +--------+--------+--------+--------+--------+-----+--------+

Top non-repeatable levels by time:
   Orc:1: 3227 daAuts
     D:9: 2915 daAuts
  Lair:5: 2324 daAuts
 Swamp:1: 2283 daAuts
  Lair:4: 2245 daAuts
  Lair:6: 2229 daAuts
  Lair:1: 2197 daAuts
    D:14: 2162 daAuts
    D:13: 1891 daAuts
    D:12: 1861 daAuts
   IceCv: 1825 daAuts
     D:8: 1755 daAuts
  Lair:3: 1754 daAuts
   Orc:2: 1701 daAuts
  Lair:2: 1695 daAuts
